 Dungeon Crawl Stone Soup version 0.30-b1-2-g02819fbbbe (webtiles) character file.

Game seed: 6472493489573511909

50 sumguy the Grasshopper (level 3, -8/30 HPs)
             Began as a Ghoul Warper on May 9, 2023.
             Was a Follower of Vehumet.
             Mangled by a gnoll
             ... wielding a +0 halberd
              (12 damage)
             ... on level 2 of the Dungeon.
             The game lasted 00:05:12 (1128 turns).

sumguy the Grasshopper (Ghoul Warper)               Turns: 1128, Time: 00:05:12

Health: -8/30      AC:  3    Str: 16    XL:     3   Next: 79%
Magic:  4/4        EV: 11    Int:  8    God:    Vehumet [*.....]
Gold:   76         SH:  0    Dex:  8    Spells: 5/5 levels left

rFire   . .          .
                       - Unarmed
rCold   + . .        (no shield)
rNeg    + + +        a - +0 leather armour
rPois   ∞            (no helmet)
rElec   .            (no cloak)
rCorr   .            (no gloves)
SInv    .            (no boots)
Will    .....        (no amulet)
Stlth   +            (no ring)
HPRegen 0.00/turn    (no ring)
MPRegen 0.09/turn

%: no passive effects
@: inhibited regen
A: claws 1, cold resistance 1, negative energy resistance 3, inhibited
regeneration, torment resistance 2, devour on kill
a: Renounce Religion


You were on level 2 of the Dungeon.
You worshipped Vehumet.
Vehumet was aware of your devotion.
You visited 1 branch of the dungeon, and saw 2 of its levels.

You collected 76 gold pieces.

Inventory:

Hand Weapons
 f - a +0 dagger
Missiles
 c - 7 boomerangs of dispersal (quivered)
 j - 4 poisoned darts
Armour
 a - a +0 leather armour (worn)
Jewellery
 g - a +6 ring of intelligence
Scrolls
 b - a scroll of blinking
 d - a scroll of brand weapon {unknown}
 i - 2 scrolls of enchant weapon {unknown}
 l - a scroll of noise {unknown}
 m - a scroll of immolation {unknown}
Potions
 e - a potion of invisibility {unknown}
 h - a potion of lignification {unknown}
 k - a potion of flight {unknown}


   Skills:
 + Level 2.4 Fighting
 + Level 0.8 Throwing
 + Level 1.4 Armour
 + Level 2.1 Dodging
 + Level 2.8 Unarmed Combat
 + Level 1.8 Spellcasting
 + Level 3.2 Translocations


You had 5 spell levels left.
You didn't know any spells.
Your spell library contained the following spells:

 Spells                   Type           Power      Damage    Failure   Level
 Shock                    Conj/Air       0%         1d3       41%         1
 Blink                    Tloc           10%        N/A       19%         2
 Lesser Beckoning         Tloc           10%        N/A       19%         2
 Momentum Strike          Conj/Tloc      6%         3d8       34%         2
 Teleport Other           Tloc           5%         N/A       34%         3
 Magic Dart               Conj           0%         1d3       41%         1
 Call Imp                 Summ           0%         N/A       56%         2
 Vhi's Electric Charge    Tloc/Air       6%         N/A       56%         3
 Manifold Assault         Tloc           5%         N/A       75%         4
 Mephitic Cloud           Conj/Pois/Air  0%         N/A       80%         3
 Petrify                  Tmut/Erth      0%         N/A       99%         4
 Metabolic Englaciation   Hex/Ice        0%         N/A       100%        5
 Statue Form              Tmut/Erth      Unusable   N/A       N/A         6

Dungeon Overview and Level Annotations

Branches:
Dungeon (2/15)

Altars:
Vehumet


Innate Abilities, Weirdness & Mutations

You are immune to poison.
You have sharp fingernails.
Your flesh is cold resistant. (rC+)
You are immune to negative energy. (rN+++)
You do not regenerate when monsters are visible.
You are immune to unholy pain and torment.
You thrive by killing the living.


Message History

k - a viscous clear potion You pick up a book of Spatial Translocations and begin reading...
You add the spell Momentum Strike to your library.
l - a scroll labelled OTOOLI QOASH
m - a scroll labelled QOFFATRIRO
Found 11 gold pieces.
A gnoll comes into view. It is wielding a +0 club.
A gnoll comes into view. It is wielding a +0 halberd.
You see here 11 gold pieces.
There are monsters nearby!
There are monsters nearby!
The gnoll shouts!
You scratch the gnoll.
The gnoll is moderately wounded.
You closely miss the gnoll.
The gnoll is moderately wounded.
A gnoll comes into view. It is wielding a +0 falchion.
The gnoll completely misses you. The gnoll misses you.
You claw the gnoll!
The gnoll is severely wounded.
The gnoll barely misses you.
The gnoll hits you from afar with a +0 halberd.
You barely miss the gnoll.
The gnoll is severely wounded.
The gnoll hits you with a +0 club!
The gnoll hits you from afar with a +0 halberd!
Ouch! That really hurt!
* * * LOW HITPOINT WARNING * * *
You scratch the gnoll.
You kill the gnoll!
Vehumet accepts your kill. The gnoll misses you.
Okay, then.
You see here 3 stones.
The gnoll closely misses you.
You barely miss the gnoll. The gnoll closely misses you.
The gnoll barely misses you.
You barely miss the gnoll.
The gnoll hits you from afar with a +0 halberd!
You die...

#..............#
#..............#
#..........)...# ....
#..............# ...##
#....<.........# .<..#
##............##
....########...........##
.............###..######
.....)......####@##
..............#g.#
............>..g#####
................#...#
............[##.(...#
................#...#
.............####...#
............## ####
.....#......#


You could see 2 gnolls.

Vanquished Creatures
  A gnoll (D:2)
  3 dart slugs (D:1)
  A ball python (D:1)
  3 bats (D:1)
  2 endoplasms (D:1)
  A giant cockroach (D:1)
  4 hobgoblins (D:1)
  2 jackals (D:1)
  2 quokkas (D:1)
  2 frilled lizards (D:1)
  5 goblins (D:1)
  4 rats (D:1)
30 creatures vanquished.

Vanquished Creatures (others)
  15 plants (D:1)
15 creatures vanquished.

Grand Total: 45 creatures vanquished

Notes
Turn   | Place    | Note
-------+----------+-------------------------------------------
     0 | D:1      | sumguy the Ghoul Warper began the quest for the Orb.
     0 | D:1      | Reached XP level 1. HP: 17/17 MP: 2/2
   171 | D:1      | Reached skill level 3 in Translocations
   174 | D:1      | Reached skill level 1 in Armour
   174 | D:1      | Reached XP level 2. HP: 12/24 MP: 3/3
   527 | D:1      | Reached XP level 3. HP: 30/30 MP: 4/4
   896 | D:1      | Found a faded altar of an unknown god.
   900 | D:1      | Prayed at the altar of an unknown god.
   900 | D:1      | Became a worshipper of Vehumet
   900 | D:1      | Reached * piety under Vehumet
   900 | D:1      | Offered knowledge of Shock by Vehumet.
  1128 | D:2      | Mangled by a gnoll

Illustrated notes

Levels and vault maps discovered:
D:1:      heliophobic_arrival_ceremonial_halls, layout_loops_ring,
          serial_forest, infiniplex_forest_clump_C, infiniplex_forest_lined_2,
          infiniplex_forest_lined_corner, infiniplex_forest_clump_C,
          infiniplex_forest_clump_C, infiniplex_forest_straight_2,
          shapermc_ecumenical_altar_mp_ritualfount, minmay_crystal_room,
          serial_bayou_ford_a
D:2:      layout_rooms, serial_shops, shop, shop, nicolae_shop_drivethru,
          shop_fountains, uniq_crazy_yiuf_cottage

Skill      XL: |  1  2 |
---------------+-------+-----
Translocations | 3 |  3.2
Armour         | 1 |  1.4
Dodging        | 2 |  2.1
Fighting       | |  2.4
Throwing       | |  0.8
Unarmed Combat | |  2.8
Spellcasting   | |  1.8

Action                     || total
---------------------------++-------
  Melee: Unarmed           ||   101
         Punch             ||     1
 Armour: Leather armour    ||    21
  Dodge: Dodged            ||    52
